Map: Ley Lines

Players

Scarlett - Winner!

  • Race: Zerg Zerg
  • Spawn Location: 1:00

LiquidCure (Cure)

  • Race: Terran Terran
  • Spawn Location: 7:00

VOD

Have the link to the VOD?

Description

Time

  • Played on: June 3, 2025, 8:41 p.m.
  • Length: 13:24
Show
View Real Time Build Order
Export as new Build Order

Scarlett Zerg - Winner!

Build Orders: Hatch First 

Get SALT Encoding   

  12  0:00  Drone  
  13  0:07  Drone  
  14  0:15  Drone, Extractor  
  14  0:21  Overlord  
  15  0:39  Drone  
  16  0:44  Hatchery  
  16  0:47  Drone  
  16  0:52  Drone  
  16  0:57  Drone  
  18  1:07  Extractor  
  18  1:10  Spawning Pool  
  16  1:14  Drone  
  16  1:17  Drone  
  18  1:27  Drone  
  19  1:37  Drone  
  20  1:48  Drone  
  21  1:57  Queen x2  
  21  1:58  Zergling x4  
  27  2:09  Drone  
  27  2:10  Overlord  
  28  2:19  Hatchery  
  28  2:22  Drone  
  28  2:29  Drone x2  
  30  2:31  Drone  
  31  2:39  Queen  
  33  2:44  Metabolic Boost  
  33  2:48  Overlord  
  33  2:54  Drone x2  
  35  3:08  Drone x6  
  41  3:13  Overlord  
  41  3:17  Queen  
  41  3:19  Drone  
  44  3:33  Overlord  
  44  3:34  Zergling x6  
  47  3:43  Drone x6  
  53  4:04  Spore Crawler  
  53  4:09  Drone x7  
  60  4:10  Queen  
  62  4:17  Drone x3  
  62  4:23  Zergling x2  
  63  4:24  Drone  
  63  4:26  Overlord  
  63  4:29  Queen  
  66  4:33  Lair  
  66  4:36  Roach Warren, Hatchery  
  66  4:37  Drone, Extractor  
  66  4:38  Drone x2  
  66  4:41  Overlord  
  66  4:44  Spore Crawler  
  66  4:45  Spore Crawler  
  64  4:46  Drone x3  
  64  4:49  Zergling x4  
  69  4:53  Overlord  
  69  4:54  Drone  
  69  4:56  Extractor  
  69  4:58  Spore Crawler  
  68  5:00  Extractor  
  68  5:03  Drone x2  
  68  5:05  Drone x4  
  68  5:06  Drone x2, Extractor  
  74  5:10  Drone  
  74  5:11  Drone  
  74  5:12  Extractor  
  75  5:17  Drone x2  
  75  5:19  Drone x3, Evolution Chamber  
  75  5:20  Evolution Chamber  
  78  5:22  Drone  
  78  5:26  Drone  
  80  5:31  Drone x2, Overseer  
  82  5:36  Drone x7  
  82  5:38  Overlord  
  82  5:39  Glial Reconstitution  
  89  5:43  Overlord  
  89  5:47  Overlord  
  89  5:48  Overlord  
  89  5:51  Zerg Missile Weapons Level 1  
  89  5:52  Zerg Ground Armor Level 1  
  89  5:55  Overseer  
  89  5:56  Roach  
  89  5:57  Roach  
  93  6:01  Drone  
  93  6:02  Drone x3  
  94  6:16  Roach x6  
  106  6:19  Infestation Pit  
  106  6:21  Overseer  
  106  6:22  Overlord  
  106  6:23  Drone x5  
  110  6:28  Drone  
  110  6:29  Drone x3  
  114  6:37  Roach x6  
  126  6:40  Ravager x3  
  135  6:47  Roach x3  
  135  6:49  Ravager  
  135  6:57  Ravager  
  135  6:58  Roach  
  134  7:04  Roach  
  134  7:05  Overlord x3  
  134  7:06  Overlord x2  
  136  7:09  Hatchery  
  136  7:15  Extractor  
  134  7:18  Overlord x2  
  134  7:23  Drone x2  
  134  7:26  Infestor x2, Hive  
  134  7:28  Baneling Nest  
  134  7:29  Drone x3  
  142  7:35  Drone  
  142  7:37  Hatchery  
  142  7:39  Roach x4  
  142  7:40  Zergling x18  
  159  7:45  Overlord  
  159  7:50  Zerg Melee Weapons Level 1, Zerg Ground Armor Level 2  
  159  7:52  Zergling x6  
  159  7:58  Pneumatized Carapace  
  162  8:00  Hatchery  
  161  8:10  Drone x4  
  161  8:20  Burrow  
  161  8:26  Centrifugal Hooks  
  173  8:27  Roach x6  
  173  8:28  Zergling x28  
  185  8:43  Extractor  
  184  8:51  Adrenal Glands, Hatchery  
  184  8:55  Ultralisk Cavern  
  182  8:56  Viper x2  
  182  8:57  Zergling x2  
  182  8:58  Zergling x22  
  200  9:03  Overlord  
  200  9:04  Overlord  
  200  9:16  Infestor x2  
  200  9:18  Baneling x22  
  200  9:19  Baneling  
  198  9:30  Roach x3, Zergling x26  
  196  9:51  Roach, Zergling x34  
  196  9:52  Zergling x24  
  164  10:08  Ravager x6  
  164  10:09  Zergling x20  
  164  10:11  Chitinous Plating  
  166  10:24  Zergling x34  
  166  10:26  Drone  
  166  10:31  Zergling x2  
  166  10:32  Zergling x2  
  159  10:35  Zergling x2  
  159  10:36  Zergling x8  
  159  10:39  Hatchery  
  153  10:43  Zerg Ground Armor Level 3, Zerg Melee Weapons Level 2  
  153  10:45  Drone x9  
  162  10:52  Drone x2  
  159  11:11  Ultralisk x3  
  177  11:12  Ultralisk x2  
  189  11:28  Zergling x20  
  189  11:29  Anabolic Synthesis  
  199  11:33  Nydus Network  
  199  11:34  Overseer x4  
  198  11:42  Baneling x5  
  198  11:48  Baneling x16  
  198  11:52  Baneling  
  198  11:53  Baneling x2  
  198  12:02  Zergling x2  
  199  12:15  Spore Crawler  
  197  12:21  Zergling x14  
  198  12:28  Zergling x66  
  198  12:36  Unknown  
  190  12:38  Overseer  
  190  12:41  Drone  
  190  12:45  Zergling x14  
  190  12:46  Zergling x4  
  199  12:52  Spire  
  199  12:53  Spire  
  199  12:56  Zergling x6  
Show
View Real Time Build Order
Export as new Build Order

LiquidCure Terran 

Build Orders: Reaper Expand, Hellion Banshee 

Get SALT Encoding   

  12  0:00  SCV  
  13  0:12  SCV  
  14  0:17  Supply Depot  
  14  0:24  SCV  
  15  0:38  SCV  
  15  0:41  Barracks  
  16  0:42  Refinery  
  16  0:50  SCV  
  17  1:03  SCV  
  18  1:15  SCV  
  19  1:27  Orbital Command  
  19  1:28  Reaper  
  20  1:37  Command Center  
  20  1:44  Supply Depot  
  20  1:53  SCV  
  21  2:00  Marine  
  22  2:05  SCV  
  22  2:07  Factory  
  23  2:17  SCV  
  23  2:18  Marine  
  25  2:29  SCV  
  26  2:36  Command Center  
  26  2:37  Barracks Reactor  
  26  2:42  SCV  
  27  2:50  Orbital Command  
  27  2:54  SCV  
  28  2:59  Starport  
  28  3:05  Refinery  
  28  3:07  SCV  
  29  3:17  SCV  
  29  3:19  SCV  
  31  3:20  Hellion x2, Barracks Tech Lab  
  35  3:29  SCV  
  36  3:38  SCV  
  37  3:42  SCV  
  37  3:43  Hellion x2  
  37  3:47  Banshee  
  45  3:48  Orbital Command  
  45  3:51  SCV  
  45  3:54  SCV  
  47  3:55  Cloaking Field  
  47  4:04  Hellion x2  
  47  4:05  SCV  
  47  4:06  SCV  
  52  4:10  Barracks Tech Lab  
  52  4:13  Supply Depot  
  52  4:15  SCV  
  53  4:17  SCV  
  53  4:18  SCV  
  55  4:25  Orbital Command  
  55  4:29  SCV  
  55  4:30  SCV, Banshee  
  60  4:33  Marine  
  60  4:35  Supply Depot  
  61  4:38  Barracks  
  61  4:41  SCV, Barracks  
  61  4:42  Factory Reactor  
  62  4:46  Refinery  
  62  4:47  SCV  
  62  4:48  Refinery  
  62  4:51  SCV  
  64  4:53  SCV, Marine  
  64  4:58  Supply Depot  
  64  4:59  SCV  
  67  5:03  SCV  
  67  5:05  SCV, Engineering Bay  
  67  5:06  Engineering Bay  
  69  5:11  SCV  
  70  5:15  SCV, Marine  
  70  5:16  Stimpack  
  70  5:17  SCV  
  73  5:23  SCV, Starport Reactor  
  73  5:27  SCV, Barracks, Supply Depot  
  75  5:30  SCV  
  75  5:31  Barracks  
  75  5:33  Terran Infantry Weapons Level 1  
  75  5:34  Terran Infantry Armor Level 1  
  75  5:35  SCV  
  77  5:39  SCV  
  77  5:40  Marine x5  
  83  5:49  Siege Tank  
  86  5:51  SCV x3  
  86  5:53  Supply Depot x2  
  86  5:55  Refinery  
  89  6:00  Marine x4  
  93  6:12  Supply Depot  
  93  6:13  Supply Depot  
  93  6:14  SCV x3, Medivac x2, Marine  
  93  6:16  Barracks Reactor  
  93  6:18  Barracks Reactor  
  101  6:19  Marine x4  
  108  6:25  Siege Tank  
  108  6:27  SCV  
  108  6:29  Armory  
  109  6:34  SCV x2, Marine  
  109  6:36  Marine x2  
  109  6:37  Marine x2  
  116  6:42  Supply Depot  
  116  6:43  Supply Depot  
  116  6:44  Factory  
  116  6:49  Medivac x2  
  116  6:51  Marine  
  116  6:53  SCV x2  
  116  6:54  SCV, Marine  
  124  6:55  Combat Shield  
  124  6:59  Marine x2  
  124  7:01  Marine  
  125  7:03  Marine  
  125  7:06  Supply Depot x2  
  126  7:10  SCV x3  
  126  7:12  Siege Tank  
  132  7:19  Refinery  
  132  7:22  SCV x2  
  134  7:29  Terran Infantry Armor Level 2, Terran Infantry Weapons Level 2  
  134  7:30  Marine x6  
  134  7:31  SCV, Factory Tech Lab  
  134  7:34  SCV x2  
  143  7:38  Command Center  
  143  7:44  Marine x2  
  143  7:45  Marine  
  143  7:46  Terran Vehicle Weapons Level 1  
  143  7:47  Siege Tank  
  143  7:48  Marine x3  
  152  7:52  Supply Depot  
  152  7:53  Supply Depot  
  152  8:01  Marine x3  
  152  8:02  Siege Tank  
  157  8:08  Supply Depot  
  157  8:09  Supply Depot  
  157  8:13  Medivac, Marine x3  
  157  8:16  Barracks  
  157  8:17  Barracks  
  157  8:18  Barracks  
  160  8:23  Marine x4  
  160  8:24  Siege Tank, Medivac, Marine x2  
  171  8:31  Sensor Tower, Supply Depot x2  
  161  8:35  Marine x3  
  161  8:38  Siege Tank  
  161  8:41  SCV x3, Marine x5  
  168  8:45  Marine  
  174  8:53  Marine x3  
  177  8:59  Marine x5  
  177  9:01  Siege Tank  
  185  9:10  Barracks Tech Lab x3, Siege Tank  
  185  9:12  Marauder  
  185  9:14  Planetary Fortress  
  190  9:27  Marine x6  
  190  9:30  SCV x3  
  180  9:33  Siege Tank, Marauder  
  180  9:36  Marine x2  
  180  9:37  Marauder x2  
  189  9:42  Siege Tank  
  189  9:44  Marauder  
  189  9:45  Marine x3  
  193  9:52  Marine x3  
  171  9:53  SCV x4  
  171  9:54  Marauder, Marine  
  171  9:58  Marauder x2  
  162  10:05  Marauder  
  154  10:09  Siege Tank  
  154  10:10  Marine x4  
  154  10:11  Concussive Shells, Marine x2  
  163  10:14  Siege Tank  
  163  10:16  Marauder  
  163  10:19  Marine x2  
  163  10:20  Marauder x2  
  171  10:26  Medivac x2  
  171  10:27  Marauder, Marine x2  
  153  10:34  Marine x4  
  146  10:37  Marauder, Marine  
  146  10:41  Siege Tank, Terran Infantry Weapons Level 3, Marauder x2  
  149  10:43  Terran Infantry Armor Level 3  
  149  10:47  Siege Tank  
  149  10:48  Marauder, Command Center  
  154  10:57  Missile Turret  
  154  10:58  Viking x2  
  156  11:08  Marauder  
  156  11:09  Marauder x2, Marine x6  
  156  11:10  Marauder, Marine x2  
  170  11:25  Missile Turret  
  170  11:26  Siege Tank  
  170  11:27  Siege Tank  
  176  11:35  Medivac x2  
  180  11:44  Marauder x2, Marine x5  
  180  11:45  Marauder x2, Marine  
  194  11:53  Unknown  
  194  11:56  Command Center  
  194  12:06  Marauder x2  
  194  12:07  Sensor Tower  
  198  12:14  Medivac  
  200  12:18  Marauder, Marine x3  
  163  12:32  SCV x3  
  164  12:37  Marauder x3, Marine x6  
  164  12:38  Siege Tank x2  
  181  12:53  Marine x2  
  181  12:54  Marauder  
  181  12:55  Marine x2  
  175  12:59  Marauder x2  
Tags
 
Add a new tag
Caveats
  • Supply blocks, unpowered buildings, or Contaminate may cause inaccurate times.
  • Supply counts are checked every 10 seconds.